 Dungeon Crawl Stone Soup version 0.22.0-49-gab54619 (webtiles) character file.

216 Loudmushroom the Shield-Bearer (level 5, -3/33 HPs)
             Began as a Gargoyle Fighter on Sept 5, 2018.
             Slain by a gnoll
             ... wielding a +0 halberd
              (10 damage)
             ... on level 4 of the Dungeon.
             The game lasted 00:12:21 (3005 turns).

Loudmushroom the Shield-Bearer (Gargoyle Fighter)   Turns: 3005, Time: 00:12:22

Health: -3/33      AC: 11    Str: 20    XL:     5   Next: 93%
Magic:  5/5        EV:  7    Int:  9    God:
Gold:   126        SH:  9    Dex:  9    Spells: 4/4 levels left

rFire    . . .     SeeInvis .   a - +0 war axe
rCold    . . .     Gourm    .   c - +0 shield
rNeg     + . .     Faith    .   t - +0 scale mail
rPois    ∞         Spirit   .   (no helmet)
rElec    +         Reflect  .   (no cloak)
rCorr    .         Harm     .   (no gloves)
MR       .....                  (no boots)
Stlth    ..........             (no amulet)
HPRegen  0.11/turn              (no ring)
MPRegen  0.09/turn              (no ring)

@: no status effects
A: negative energy resistance 1, electricity resistance, unbreathing,
petrification resistance, rot immunity, AC +4
a: no special abilities


You were on level 4 of the Dungeon.
You were not hungry.

You visited 1 branch of the dungeon, and saw 4 of its levels.

You collected 126 gold pieces.

Inventory:

Hand Weapons
 a - a +0 war axe (weapon)
 b - a +0 hunting sling
 g - a +0 spear
 p - a +0 mace
 q - a +0 spear
Missiles
 i - 90 stones (quivered)
 k - 5 needles of confusion
 m - a throwing net
 r - 36 bolts
 w - 6 needles of sleeping
Armour
 c - a +0 shield (worn)
 t - a +0 scale mail (worn)
Scrolls
 e - 3 scrolls of identify {unknown}
 j - 3 scrolls of enchant armour {unknown}
 l - a scroll of enchant weapon {unknown}
 n - 2 scrolls of teleportation {unknown}
 o - 2 scrolls of noise {unknown}
 u - 3 scrolls of remove curse {unknown}
Potions
 d - 2 potions of might
 h - 2 potions of agility {unknown}
 s - a potion of flight {unknown}
Comestibles
 f - 10 rations
 v - 2 chunks of flesh


   Skills:
 + Level 4.2 Fighting
 * Level 3.6 Axes
 + Level 4.2 Armour
 + Level 4.3 Shields


You had 4 spell levels left.
You didn't know any spells.
Your spell library was empty.

Dungeon Overview and Level Annotations

Branches:
Dungeon (4/15)
 Temple: D:4-7

Altars:
Sif Muna
Xom


Innate Abilities, Weirdness & Mutations

You are resistant to torment.
Your stone body is resilient. (AC +4)
You are immune to poison.
You resist negative energy. (rN+)
You are resistant to electric shocks. (rElec)
You can survive without breathing.
You are immune to petrification.
You are immune to rotting.


Message History

The gnoll barely misses you. The gnoll hits you with a spear.
The gnoll hits you with a halberd. You block the gnoll's attack.
The gnoll hits you with a spear.
Found two shimmering altars of Xom.
Things that are here:
a spear; a gnoll corpse The gnoll hits you but does no damage.
You block the gnoll's attack. The gnoll barely misses you.
The altar is a mimic!
The altar mimic chuckles and vanishes in a puff of smoke!
The gnoll hits you from afar with a spear.
* * * LOW HITPOINT WARNING * * *
The gnoll hits you but does no damage.
You hit the gnoll.
The gnoll is almost dead.
You barely miss the gnoll.
The gnoll hits you from afar with a spear.
* * * LOW HITPOINT WARNING * * *
You block the gnoll's attack. The gnoll hits you with a halberd!
You die...

#..............#
#..............#
#..............# #.
#..............# ..
#..............# #.#
#............_.# #..#
#.......)g......
#..#+####.#'###.gg......
..........#)##..@.......
#.......# #.##.§..._..._
#.......# #.##..........
#.......# #.##..........
#.......###.##..........
...#.##.....##..._..._..
..##.#########.........#
.......... ..#########
...#.#####


You could see 3 gnolls.

Vanquished Creatures
  A howler monkey (D:4)
  An orc wizard (D:3)
  Natasha (D:2)
  A gnoll (D:4)
  4 adders
  An ooze (D:1)
  A worm (D:3)
  2 dart slugs (D:2)
  6 leopard geckos
  4 orcs
  2 giant cockroaches
  4 goblins
  5 hobgoblins
  8 jackals
  7 kobolds
  A quokka (D:2)
  5 bats
  3 frilled lizards
  5 rats
62 creatures vanquished.

Notes
Turn   | Place    | Note
-------+----------+-------------------------------------------
     0 | D:1      | Loudmushroom the Gargoyle Fighter began the quest for the
                  | Orb.
     0 | D:1      | Reached XP level 1. HP: 14/14 MP: 1/1
   131 | D:1      | Reached XP level 2. HP: 14/19 MP: 2/2
   335 | D:1      | Reached XP level 3. HP: 21/23 MP: 3/3
   860 | D:2      | Found a deep blue altar of Sif Muna.
  1164 | D:2      | Reached XP level 4. HP: 28/29 MP: 4/4
  1246 | D:2      | Noticed Natasha
  1248 | D:2      | Killed Natasha
  2290 | D:3      | Reached XP level 5. HP: 33/33 MP: 5/5
  2987 | D:4      | Found a shimmering altar of Xom.
  2992 | D:4      | Found a shimmering altar of Xom.
  2994 | D:4      | Found a shimmering altar of Xom.
  2994 | D:4      | Found a shimmering altar of Xom.
  2996 | D:4      | Found a shimmering altar of Xom.
  3002 | D:4      | Found a shimmering altar of Xom.
  3002 | D:4      | Found a shimmering altar of Xom.
  3005 | D:4      | Slain by a gnoll

Skill      XL: |  1  2  3  4  5 |
---------------+----------------+-----
Axes           | 2 3 |  3.6
Shields        | 4 |  4.3
Fighting       | 4 |  4.2
Armour         | 4 |  4.2

Action                   |  1- 3 |  4- 6 || total
-------------------------+-------+-------++-------
Melee: War axe           |   125 |   145 ||   270
  Eat: Chunk             |     1 |     6 ||     7
Armor: Scale mail        |    80 |    86 ||   166
Dodge: Dodged            |    62 |    37 ||    99
Block: Shield            |    78 |    71 ||   149
